 Dungeon Crawl Stone Soup version 0.28.0 (webtiles) character file.

Game seed: 13056044422015341456

128 Acheron the Skirmisher (level 4, -1/36 HPs)
             Began as a Demonspawn Abyssal Knight on Feb 17, 2022.
             Was a Believer of Lugonu.
             Splashed by a jelly's acid (4 damage)
             ... on level 4 of the Dungeon.
             The game lasted 00:08:50 (3034 turns).

Acheron the Skirmisher (Demonspawn Abyssal Knight)  Turns: 3034, Time: 00:08:52

Health: -1/36      AC:  4    Str: 13    XL:     4   Next: 87%
Magic:  6/6        EV: 10    Int: 12    God:    Lugonu [**....]
Gold:   116        SH:  0    Dex: 15    Spells: 0/3 levels left

rFire   . . .      SeeInvis .   j - +1 short sword (vamp)
rCold   . . .      Faith    .   (no shield)
rNeg    . . .      Spirit   .   g - +0 ring mail
rPois   .          Reflect  .   l - +0 helmet
rElec   .          Harm     .   q - +2 cloak
rCorr   .          Rampage  .   (no gloves)
Will    .....                   (no boots)
Stlth   +.........              (no amulet)
HPRegen 0.12/turn               (no ring)
MPRegen 0.10/turn               (no ring)

@: corroded
A: slimy green scales 2, powered by pain 1
a: Renounce Religion, Depart the Abyss, Bend Space


You were on level 4 of the Dungeon.
You worshipped Lugonu.
Lugonu was pleased with you.
You visited 2 branches of the dungeon, and saw 5 of its levels.
You visited the Abyss 1 time.

You collected 116 gold pieces.

Inventory:

Hand Weapons
 a - a +1 hand axe
 j - a +1 vampiric short sword (weapon)
Missiles
 i - 56 stones
 p - 5 boomerangs
Armour
 b - a +0 leather armour
 g - a +0 ring mail (worn)
 l - a +0 helmet (worn)
 q - a +2 cloak (worn)
Jewellery
 k - a ring of magical power
 n - a ring of protection from cold
Scrolls
 c - 3 scrolls of teleportation {unknown}
 d - a scroll of magic mapping {unknown}
 e - 3 scrolls of blinking {unknown}
 h - a scroll of fear {unknown}
 o - a scroll of brand weapon {unknown}
Potions
 f - a potion of curing {unknown}
 m - 2 potions of attraction {unknown}


   Skills:
 * Level 3.6 Fighting
 + Level 0.6 Short Blades
 * Level 2.7 Axes
 * Level 0.6 Throwing
 * Level 2.3 Armour
 * Level 1.6 Dodging
 * Level 0.7 Stealth
 * Level 3.2 Invocations


You couldn't memorise any spells.
You knew the following spells:

 Your Spells              Type           Power      Damage    Failure   Level
a - Teleport Other        Tloc           0%         N/A       91%         3

Your spell library contained the following spells:

 Spells                   Type           Power      Damage    Failure   Level
 Gell's Gravitas          Tloc           0%         N/A       91%         3
 Lesser Beckoning         Tloc           0%         N/A       91%         3


Dungeon Overview and Level Annotations

Branches:
Dungeon (4/15)             Temple (1/1) D:4

Altars:
Hepliaklqana
Okawaru
Zin

Shops:
D:4 :*

Annotations:
D:3 Terence


Innate Abilities, Weirdness & Mutations

You are mostly covered in slimy green scales. (AC +3)
You sometimes gain a little power by taking damage.


Message History

You kill Ijyb!
Lugonu accepts your kill.
You hit the jelly.
You feel better.
Your hands burn!
The jelly is lightly wounded.
The jelly closely misses you.
You hit the jelly but do no damage.
Your hands burn!
The jelly is lightly wounded.
The jelly barely misses you.
You hit the jelly but do no damage.
Your hands burn!
The jelly is lightly wounded.
The jelly hits you but does no damage.
You barely miss the jelly.
The jelly is lightly wounded.
The jelly closely misses you.
You puncture the jelly!
You feel better.
Your hands burn!
The jelly is moderately wounded.
The jelly hits you but does no damage.
You hit the jelly.
You feel better. The acid corrodes you!
Your hands burn!
You punch the jelly, but do no damage.
The jelly is severely wounded.
The jelly closely misses you.
You hit the jelly but do no damage.
Your hands burn!
The jelly is severely wounded.
The jelly hits you but does no damage. The jelly barely misses you.
You hit the jelly but do no damage. The acid corrodes you!
Your hands burn!
* * * LOW HITPOINT WARNING * * *
The jelly is severely wounded.
The jelly closely misses you.
You hit the jelly but do no damage.
Your hands burn!
* * * LOW HITPOINT WARNING * * *
The jelly is severely wounded.
The jelly closely misses you.
You hit the jelly.
You feel better.
Your hands burn!
* * * LOW HITPOINT WARNING * * *
The jelly is severely wounded.
The jelly jiggles.
The jelly hits you.
* * * LOW HITPOINT WARNING * * *
You are splashed with acid.
You die...

###.................†.######.
..∩.......#.#....#.##†...[...
#......#.#.#.##.#.........#+
#.....#...........#......≈.
.######.....##.#.#.#.#....#≈≈.
..........#....#.#.#......+ .∩
..........#...............## .
#...........#.#†>.#.##.....#
#........##.#.#@†.#........#
#######.......J.#....#.<...#
#....#.##.#.##.#.....#
#....#....... .......#
#..#....##.#.#.#.....#
#..#.##.. .#.#.#.....#
............... ......#
......#.##...... #######
...... .# .....


You could see a jelly.

Vanquished Creatures
  Ijyb (D:4)
  A hound skeleton (D:3)
  An adder (D:4)
  2 worms (D:3)
  A dart slug (D:1)
  4 bats
  4 endoplasms
  12 giant cockroaches
  6 goblins
  3 hobgoblins (D:1)
  10 jackals
  5 kobolds
  A quokka (D:3)
  2 ball pythons (D:1)
  4 frilled lizards
  6 rats
63 creatures vanquished.

Notes
Turn   | Place    | Note
-------+----------+-------------------------------------------
     0 | Abyss:1  | Acheron the Demonspawn Abyssal Knight began the quest for
                  | the Orb.
     0 | Abyss:1  | Reached XP level 1. HP: 18/18 MP: 2/2
    10 | D:1      | Escaped the Abyss
   177 | D:1      | Reached skill level 1 in Dodging
   587 | D:1      | Gained mutation: You are partially covered in slimy green
                  | scales. (AC +2) [demonic ancestry]
   587 | D:1      | Reached XP level 2. HP: 24/24 MP: 3/3
  1090 | D:1      | Found a faded altar of an unknown god.
  1351 | D:2      | Reached ** piety under Lugonu
  1352 | D:2      | Gained mutation: You are mostly covered in slimy green
                  | scales. (AC +3) [demonic ancestry]
  1352 | D:2      | Reached XP level 3. HP: 24/29 MP: 3/5
  2412 | D:3      | Found an iron altar of Okawaru.
  2412 | D:3      | Found a hazy altar of Hepliaklqana.
  2429 | D:3      | Gained mutation: You sometimes gain a little power by
                  | taking damage. [demonic ancestry]
  2429 | D:3      | Reached XP level 4. HP: 32/35 MP: 6/6
  2674 | D:3      | Learned a level 3 spell: Teleport Other
  2889 | D:3      | Noticed Terence
  2927 | D:4      | Found Biyx's General Store.
  2941 | D:4      | Found a staircase to the Ecumenical Temple.
  2949 | Temple   | Entered the Ecumenical Temple
  2964 | D:4      | Found Wicoqergh's Book Boutique.
  2966 | D:4      | Noticed Ijyb
  3024 | D:4      | Killed Ijyb
  3034 | D:4      | Splashed by a jelly's acid

Illustrated notes

Levels and vault maps discovered:
D:1:      lightli_arrival_windingriver, layout_loops_corners,
          hellmonk_ecumenical_altar_crossroads
D:2:      layout_rooms, minmay_misc_feat_pillars, chequers_serial_rivers_marsh,
          kennysheep_generic_room_8, uniq_sigmund, uniq_natasha
D:3:      minmay_roachtagon, layout_basic, zin_treasury,
          gammafunk_temple_overflow_statue, uniq_terence
D:4:      layout_basic, pdpol_wu_jian_five_deadly_venoms,
          minmay_temple_entry_ruins, serial_shops, shop, shop, shop,
          nicolae_shop_hallway_plus, minmay_increasing_density, uniq_ijyb
Temple:   eino_temple_scatter_basement

Skill      XL: |  1  2  3 |
---------------+----------+-----
Dodging        | 1 |  1.6
Axes           | 2 |  2.7
Armour         | 2 |  2.3
Invocations    | 3 |  3.2
Fighting       | |  3.6
Short Blades   | |  0.6
Throwing       | |  0.6
Stealth        | |  0.7

Action                   |  1- 3 |  4- 6 || total
-------------------------+-------+-------++-------
Melee: Hand axe          |    98 |       ||    98
       Short sword       |    65 |   120 ||   185
       Punch             |     2 |     2 ||     4
Armor: Leather armour    |    15 |       ||    15
       Ring mail         |    61 |    68 ||   129
Dodge: Dodged            |    92 |    75 ||   167
